 Dungeon Crawl Stone Soup version 0.32-a0-732-ga344392067 (webtiles) character file.

Game seed: 4623830004469288701

835 gimp the Shooter (level 7, -1/56 HPs)
             Began as a Coglin Wanderer on Mar 16, 2024.
             Was a Believer of Okawaru.
             Slain by an orc
             ... wielding a +0 hand axe
              (2 damage)
             ... on level 4 of the Dungeon.
             The game lasted 00:04:09 (3354 turns).

gimp the Shooter (Coglin Wanderer)                  Turns: 3354, Time: 00:04:09

Health: -1/56      AC:  5    Str: 10    XL:     7   Next: 99%
Magic:  8/8        EV: 10    Int:  8    God:    Okawaru [**....]
Gold:   223        SH:  0    Dex: 21    Spells: 8/8 levels left

rFire   . . .        a - +2 sling {Hans}
rCold   . . .        e - -2 sling {Magnus}
rNeg    . . .        d - +0 leather armour
rPois   .            (no helmet)
rElec   .            b - +0 cloak
rCorr   .            f - +0 pair of gloves
SInv    .            (no boots)
Will    +....        (amulet unavailable)
Stlth   ++           (ring unavailable)
HPRegen 0.29/turn    (ring unavailable)
MPRegen 0.11/turn    (no gizmo)

%: no passive effects
@: enlightened, flying, revving
A: off-hand wielding, slow wielding, warmup strikes, no jewellery
a: Invent Gizmo, Renounce Religion, Heroism


You were on level 4 of the Dungeon.
You worshipped Okawaru.
Okawaru was pleased with you.
You visited 1 branch of the dungeon, and saw 5 of its levels.

You collected 223 gold pieces.

Inventory:

Hand Weapons
 a - a +2 sling (weapon) {Hans}
 e - a -2 sling (offhand) {Magnus}
Armour
 b - a +0 cloak (worn)
 d - a +0 leather armour (worn)
 f - a +0 pair of gloves (worn)
 l - a +0 hat
Scrolls
 h - 2 scrolls of torment {unknown}
 j - 3 scrolls of teleportation {unknown}
 k - 3 scrolls of enchant weapon {unknown}
 m - a scroll of amnesia {unknown}
 p - a scroll of immolation {unknown}
 q - a scroll of identify {unknown}
 r - 3 scrolls of fog {unknown}
 v - a scroll of acquirement {unknown}
 w - a scroll of fear {unknown}
 x - a scroll of poison {unknown}
Potions
 c - 3 potions of lignification
 i - a potion of heal wounds {unknown}
 n - a potion of mutation {unknown}
 s - a potion of enlightenment
 t - a potion of haste {unknown}
 u - a potion of ambrosia {unknown}


   Skills:
 - Level 5.0 Fighting
 * Level 7.1 Ranged Weapons
 + Level 0.9 Dodging
 - Level 1.5 Stealth
 - Level 1.0 Spellcasting
 - Level 1.0 Air Magic
 - Level 1.0 Invocations


You had 8 spell levels left.
You didn't know any spells.
Your spell library contained the following spells:

 Spells                   Type           Power      Damage    Failure   Level
 Sandblast                Erth           0%         2d4       47%         1
 Mercury Vapours          Alch/Air       2%         N/A       54%         2
 Cigotuvi's Dreadful Rot  Necr/Alch/Air  0%         N/A       58%         2
 Scorch                   Fire           0%         2d5       63%         2
 Stone Arrow              Conj/Erth      0%         3d7       85%         3
 Brom's Barrelling Bould  Conj/Erth      0%         2d3       99%         4
 Flame Wave               Conj/Fire      0%         2d4       99%         4
 Summon Cactus Giant      Summ           Unusable   N/A       N/A         6

Dungeon Overview and Level Annotations

Branches:
Dungeon (5/15)
 Temple: D:4-7

Altars:
Okawaru
Wu Jian

Annotations:
D:3 3 runed translucent doors, exclusion: 3 doors, olddryhag's ghost, amateur CoWn


Innate Abilities, Weirdness & Mutations

You can wield a second weapon in your off-hand.
It takes a long time for you to wield or remove held weapons.
Your first few attacks do less damage.
You cannot equip rings or amulets.


Message History

The orc priest is moderately wounded.
You shoot a sling bullet.
The sling bullet barely misses the orc priest.
The orc priest casts a cantrip, but nothing happens.
The orc hits you with a +0 hand axe.
You take 3 damage, and have 47/56 hp.
You shoot a sling bullet.
The sling bullet hits the orc priest but does no damage.
The orc priest is moderately wounded.
You shoot a sling bullet.
The sling bullet hits the orc priest but does no damage.
The orc priest is moderately wounded.
The orc priest barely misses you. The orc hits you with a +0 hand axe.
You take 3 damage, and have 44/56 hp.
You shoot a sling bullet.
The sling bullet hits the orc priest but does no damage.
The orc priest is moderately wounded.
You shoot a sling bullet. The sling bullet hits the orc priest.
The orc priest is heavily wounded.
The orc priest hits you with a +0 club. The orc hits you with a +0 hand axe.
You take 4 damage, and have 40/56 hp.
You shoot a sling bullet.
The sling bullet barely misses the orc priest.
You shoot a sling bullet.
The sling bullet barely misses the orc priest.
The orc priest invokes the aid of Beogh against you.
Pain shoots through your body! The orc barely misses you.
The orc priest hits you with a +0 club. The orc hits you with a +0 hand axe.
You take 5 damage, and have 35/56 hp.
You shoot a sling bullet.
The sling bullet closely misses the orc priest.
You shoot a sling bullet.
The sling bullet barely misses the orc priest.
The orc priest completely misses you. The orc hits you with a +0 hand axe.
You take 5 damage, and have 30/56 hp.
You shoot a sling bullet.
The sling bullet hits the orc priest but does no damage.
The orc priest is heavily wounded.
You shoot a sling bullet.
The sling bullet hits the orc priest but does no damage.
The orc priest is heavily wounded.
The orc priest hits you with a +0 club. The orc closely misses you.
You take 1 damage, and have 29/56 hp.
You shoot a sling bullet. The sling bullet hits the orc priest.
The orc priest is severely wounded.
You shoot a sling bullet.
The sling bullet hits the orc priest but does no damage.
The orc priest is severely wounded.
The orc priest miscasts a cantrip.
The orc hits you with a +0 hand axe.
You take 1 damage, and have 28/56 hp.
You are too injured to fight recklessly!
You are too injured to fight recklessly!
You are too injured to fight recklessly!
You shoot a sling bullet. The sling bullet hits the orc priest.
The orc priest is severely wounded.
You shoot a sling bullet.
The sling bullet hits the orc priest but does no damage.
The orc priest is severely wounded.
The orc priest invokes the aid of Beogh against you.
Beogh smites you! The orc barely misses you.
You take 11 damage, and have 17/56 hp.
You shoot a sling bullet.
The sling bullet barely misses the orc priest.
You shoot a sling bullet.
The sling bullet hits the orc priest but does no damage.
The orc priest is severely wounded.
The orc priest hits you with a +0 club.
* * * LOW HITPOINT WARNING * * *
The orc hits you with a +0 hand axe.
* * * LOW HITPOINT WARNING * * *
You take 7 damage, and have 10/56 hp.
You shoot a sling bullet.
The sling bullet hits the orc priest but does no damage.
The orc priest is severely wounded.
You shoot a sling bullet.
The sling bullet hits the orc priest but does no damage.
The orc priest is severely wounded.
The orc priest calls down the wrath of Beogh upon you.
Beogh smites you!
* * * LOW HITPOINT WARNING * * *
The orc completely misses you.
You take 8 damage, and have 2/56 hp.
It was a potion of curing.
You feel better. The orc priest barely misses you.
The orc hits you with a +0 hand axe.
* * * LOW HITPOINT WARNING * * *
You regained 6 hp, and now have 8/56 hp.
You feel better.
The orc priest calls down the wrath of Beogh upon you.
Beogh smites you!
* * * LOW HITPOINT WARNING * * *
The orc hits you with a +0 hand axe.
* * * LOW HITPOINT WARNING * * *
You take 5 damage, and have 3/56 hp.
It was a potion of enlightenment.
You feel very buoyant.
You fly up into the air.
The orc priest hits you with a +0 club.
* * * LOW HITPOINT WARNING * * *
The orc hits you with a +0 hand axe.
You die...

...####..........####.# #..##
......#.............#.### ##...
....................#...#####..#.
####.#..............###.#.....##.
#....#...........###.....###..
##...#............####.#.###..
#.[.#............####.#..)..<
#...########[.......#.#####..
#...# #@...###...# #.. #####
#oo..# ##### #.. #....# ##..
###### #..# #.## #.#. #.#. #.#.
#.#.


You could see an orc priest and an orc.

Vanquished Creatures
  Pikel (D:4)
  An ogre (D:4)
  2 lemures (D:4)
  A scorpion (D:5)
  2 bombardier beetles
  Ijyb (D:2)
  8 gnolls
  2 adders (D:2)
  2 dart slugs
  An orc (D:4)
  5 ball pythons
  11 endoplasms
  12 goblins
  3 hobgoblins
  12 jackals
  3 quokkas
  7 bats
  A frilled lizard (D:3)
  A kobold (D:1)
  3 rats
79 creatures vanquished.

Notes
Turn   | Place    | Note
-------+----------+-------------------------------------------
     0 | D:1      | gimp the Coglin Wanderer began the quest for the Orb.
     0 | D:1      | gimp set off with the following items: a +2 sling {Hans}, a
                  | +0 cloak, a potion of lignification, a +0 leather armour, a
                  | -2 sling {Magnus}; and the following spells available to
                  | memorise: Mercury Vapours, Cigotuvi's Dreadful Rot.
     0 | D:1      | Reached XP level 1. HP: 16/16 MP: 2/2
   107 | D:1      | Reached skill level 3 in Ranged Weapons
   107 | D:1      | Reached XP level 2. HP: 23/23 MP: 3/3
   586 | D:2      | Reached XP level 3. HP: 28/28 MP: 4/4
   820 | D:2      | Found a faded altar of an unknown god.
   859 | D:2      | Noticed Ijyb
   877 | D:2      | Killed Ijyb
   878 | D:2      | Reached XP level 4. HP: 15/35 MP: 5/5
  1035 | D:2      | Identified the +5 leather armour of Hadjma {+Inv rCorr
                  | Dex-4}
  1135 | D:2      | Reached skill level 4 in Ranged Weapons
  1135 | D:2      | Reached XP level 5. HP: 24/42 MP: 6/6
  1801 | D:3      | Found an iron altar of Okawaru.
  1817 | D:3      | Became a worshipper of Warmaster Okawaru
  2078 | D:3      | Found a runed translucent gate.
  2079 | D:3      | Found a runed translucent gate.
  2080 | D:3      | Found a runed translucent gate.
  2085 | D:3      | Noticed olddryhag's ghost (amateur CoWn)
  2632 | D:4      | Noticed an ogre
  2636 | D:4      | Killed an ogre
  2637 | D:4      | Reached XP level 6. HP: 49/49 MP: 7/7
  3045 | D:4      | Noticed Pikel
  3055 | D:4      | Killed Pikel
  3055 | D:4      | Reached * piety under Okawaru
  3055 | D:4      | Reached ** piety under Okawaru
  3056 | D:4      | Reached skill level 5 in Fighting
  3056 | D:4      | Reached skill level 6 in Ranged Weapons
  3056 | D:4      | Reached XP level 7. HP: 53/56 MP: 8/8
  3068 | D:4      | Found an ornate altar of the Wu Jian Council.
  3135 | D:5      | Entered Level 5 of the Dungeon
  3145 | D:5      | Reached skill level 7 in Ranged Weapons
  3351 | D:4      | HP: 2/56 [orc priest/divine providence (8)]
  3354 | D:4      | Slain by an orc

Illustrated notes

Levels and vault maps discovered:
D:1:      zelgadis_glass_arrival_small, layout_basic
D:2:      kennysheep_the_goblin_king, layout_loops_corners,
          ebering_ecumenical_altar_box, grunt_ministairs_7,
          kennysheep_minor_cross
D:3:      layout_loops_corners, mainiacjoe_overflow_alcove_1,
          gammafunk_ghost_necromancy, uniq_ijyb
D:4:      layout_rooms, nicolae_wu_jian_wuxing_cycle, uniq_pikel
D:5:      kennysheep_six_static_rooms, layout_rooms,
          mainiacjoe_overflow_surrounded_room

Skill      XL: |  1  2  3  4  5  6  7 |
---------------+----------------------+-----
Ranged Weapons | 3 4 6 7 |  7.1
Fighting       | 3 4 5 |  5.0
Dodging        | |  0.9
Stealth        | |  1.5
Spellcasting   | |  1.0
Air Magic      | |  1.0
Invocations    | |  1.0

Action                     |  1- 3 |  4- 6 |  7- 9 || total
---------------------------+-------+-------+-------++-------
   Fire: Sling             |   122 |   242 |    54 ||   418
  Evoke: Wand              |       |     3 |       ||     3
    Use: Potion            |       |       |     3 ||     3
 Armour: Leather armour    |    14 |    25 |    31 ||    70
  Dodge: Dodged            |    10 |    27 |    14 ||    51

Table legend: (Time is in decaauts)
 A = Elapsed time spent in this place.
 B = Non-inter-level travel time spent in this place.
 C = Inter-level travel time spent in this place.
 D = Time resting spent in this place.
 E = Time spent auto-exploring this place.
 F = Levels seen in this place.
 G = Mean time per level.
                   A        B        C        D        E       F      G
               +--------+--------+--------+--------+--------+-----+--------+
         Total |   3402 |   3313 |     89 |      0 |   2861 |   5 |  680.4 |
       Dungeon |   3402 |   3313 |     89 |      0 |   2861 |   5 |  680.4 |
               +--------+--------+--------+--------+--------+-----+--------+

Top non-repeatable levels by time:
     D:2: 1193 daAuts
     D:3: 855 daAuts
     D:4: 723 daAuts
     D:1: 591 daAuts
     D:5: 37 daAuts
